 Dungeon Crawl Stone Soup version 0.30.1-9-gdf580d7c3d (webtiles) character file.

Game seed: 13890490821046449550

6 Gabide the Magician (level 1, 0/13 (16) HPs)
             Began as a Mummy Reaver on Oct 16, 2023.
             Slain by a jackal (1 damage)
             ... on level 1 of the Dungeon.
             The game lasted 00:00:32 (416 turns).

Gabide the Magician (Mummy Reaver)                   Turns: 416, Time: 00:00:33

HP:   0/13 (16)     AC:  3    Str: 15    XL:     1   Next: 75%
MP:   3/4           EV: 11    Int: 12    God:
Gold: 6             SH:  0    Dex: 10    Spells: 4/5 levels left

rFire   x . .        a - +0 hand axe
rCold   + . .        (no shield)
rNeg    + + +        b - +0 leather armour
rPois   ∞            (no helmet)
rElec   .            (no cloak)
rCorr   .            (no gloves)
SInv    .            (no boots)
Will    .....        (no amulet)
Stlth   +            (no ring)
HPRegen 0.22/turn    (no ring)
MPRegen 0.09/turn

%: faith
@: heavily drained
A: cold resistance 1, negative energy resistance 3, torment resistance 2, heat
vulnerability 1, no potions, faith
a: no special abilities


You were on level 1 of the Dungeon.
You visited 1 branch of the dungeon, and saw 1 of its levels.

You collected 6 gold pieces.

Inventory:

Hand Weapons
 a - a +0 hand axe (weapon)
Armour
 b - a +0 leather armour (worn)
Jewellery
 f - a +6 ring of intelligence
Scrolls
 c - a scroll of blinking {unknown}
 d - a scroll of identify {unknown}
 e - a scroll of enchant weapon {unknown}


   Skills:
 + Level 2.1 Fighting
 + Level 2.5 Axes
 + Level 1.6 Dodging
 + Level 2.8 Spellcasting
 + Level 2.5 Conjurations


You had 4 spell levels left.
You knew the following spells:

 Your Spells              Type           Power      Damage    Failure   Level
a - Kiss of Death         Conj/Necr      16%        2d6       19%         1

Your spell library contained the following spells:

 Spells                   Type           Power      Damage    Failure   Level
 Momentum Strike          Conj/Tloc      8%         3d8       28%         2
 Hailstorm                Conj/Ice       4%         3d4       50%         3


Dungeon Overview and Level Annotations

Branches:
Dungeon (1/15)

Altars:


Innate Abilities, Weirdness & Mutations

You are immune to poison.
Your flesh is cold resistant. (rC+)
You are immune to negative energy. (rN+++)
You are immune to unholy pain and torment.
You are vulnerable to heat. (rF-)
You do not drink.
You have a special connection with the divine. (Faith)


Message History

You are too injured to fight recklessly!
You are too injured to fight recklessly!
You are too injured to fight recklessly!
You are too injured to fight recklessly!
You are too injured to fight recklessly!
You are too injured to fight recklessly!
Unknown command.
You barely miss the jackal.
The jackal is almost dead.
You hit the jackal but do no damage. You barely miss the jackal.
The jackal bites you but does no damage.
The jackal barely misses you. The jackal misses you.
The jackal barely misses you. The jackal closely misses you.
The jackal barely misses you.
Unknown command.
You hit the jackal.
You kill the jackal!
You hit the jackal but do no damage. You hit the jackal.
The jackal barely misses you. The jackal bites you.
The jackal barely misses you.
You closely miss the jackal.
The jackal is heavily wounded.
You closely miss the jackal. The jackal bites you.
The jackal closely misses you. The jackal misses you.
You hit the jackal.
The jackal is almost dead.
You barely miss the jackal. The jackal barely misses you. The jackal bites you.
* * * LOW HITPOINT WARNING * * *
The jackal bites you.
* * * LOW HITPOINT WARNING * * *
The jackal bites you but does no damage.
You can't drink.
Aiming: Kiss of Death (safe; 19% risk of failure)
Press: ? - help, Q - select action Shift-Dir - straight line, f - jackal
Aim: a jackal (moderately wounded, 100% to hit)
The negative energy hits the jackal.
The jackal is drained!
You kill the jackal!
You feel drained. The jackal bites you.
You die...

.##.#.#.#.#........
....#.#'#.#.#######
..........#.#
..........#.#####
..........#.....###
#.#.......#.......#
#.#..........##.#.#
................#.#
###.#.#......#..@.#
....#.######....h.#
..................+
#####+#...........#
. >..........( .
............ .
............#
...........# # ###


You could see a jackal.

Vanquished Creatures
  3 jackals (D:1)
  A ball python (D:1)
  A bat (D:1)
  A goblin (D:1)
  2 rats (D:1)
8 creatures vanquished.

Notes
Turn   | Place    | Note
-------+----------+-------------------------------------------
     0 | D:1      | Gabide the Mummy Reaver began the quest for the Orb.
     0 | D:1      | Reached XP level 1. HP: 16/16 MP: 4/4
   416 | D:1      | Slain by a jackal

Illustrated notes

Levels and vault maps discovered:
D:1:      dpeg_arrival_round_b, layout_basic, minmay_misc_feat_cross,
          hangedman_decor_opposing

Action                     || total
---------------------------++-------
  Melee: Hand axe          ||    25
   Cast: Kiss of Death     ||     1
 Armour: Leather armour    ||    14
  Dodge: Dodged            ||    28
